 Dungeon Crawl Stone Soup version 0.24-a0-640-ge7cd8ce796 (webtiles) character file.

Game seed: 14293100276369405250, levelgen mode: deterministic

511 D1HalberdGnoll the Poker (level 7, -5/48 HPs)
             Began as a Merfolk Skald on Sept 24, 2019.
             Was a Follower of Hepliaklqana.
             Slain by a two-headed ogre
             ... wielding a +0 giant club
              (7 damage)
             ... on level 4 of the Dungeon.
             The game lasted 00:06:25 (4030 turns).

D1HalberdGnoll the Poker (Merfolk Skald)            Turns: 4030, Time: 00:06:25

Health: -5/48      AC:  3    Str: 14    XL:     7   Next: 19%
Magic:  7/10       EV: 14    Int: 12    God:    Hepliaklqana [*.....]
Gold:   179        SH:  0    Dex: 13    Spells: 7/10 levels left

rFire    . . .     SeeInvis .   a - +0 spear
rCold    . . .     Gourm    .   (no shield)
rNeg     . . .     Faith    .   b - +0 leather armour
rPois    .         Spirit   .   (no helmet)
rElec    .         Reflect  .   (no cloak)
rCorr    .         Harm     .   (no gloves)
MR       .....                  (no boots)
Stlth    +.........             (no amulet)
HPRegen  0.16/turn              (no ring)
MPRegen  0.12/turn              (no ring)

@: infused (expiring)
A: change form in water, swift swim, stealthy swim, reduced essence
a: Recall Ancestor, Ancestor Identity, Renounce Religion


You were on level 4 of the Dungeon.
You worshipped Hepliaklqana.
Hepliaklqana was aware of your devotion.
You were not hungry.

You visited 1 branch of the dungeon, and saw 5 of its levels.

You collected 179 gold pieces.

Inventory:

Hand Weapons
 a - a +0 spear (weapon)
Armour
 b - a +0 leather armour (worn)
Wands
 q - a wand of random effects (17)
Scrolls
 c - 2 scrolls of amnesia
 e - 5 scrolls of identify
 f - a scroll of teleportation
 i - 3 scrolls of remove curse
 j - a scroll of immolation {unknown}
 m - a scroll of random uselessness {unknown}
 o - a scroll of noise
 r - a scroll of magic mapping
 s - a scroll of fog {unknown}
Potions
 k - a potion of magic {unknown}
 l - 2 potions of curing {unknown}
 n - a potion of haste
 t - 2 potions of degeneration {unknown}
Comestibles
 d - 6 rations


   Skills:
 + Level 4.0 Fighting
 * Level 7.3 Polearms
 + Level 2.3 Armour
 + Level 5.1 Dodging
 - Level 2.0 Spellcasting
 - Level 3.2 Charms


You had 7 spell levels left.
You knew the following spells:

 Your Spells              Type           Power        Failure   Level  Hunger
a - Infusion              Chrm           #...         9%          1    ##.....
b - Shroud of Golubria    Chrm/Tloc      #.....       26%         2    ###....

Your spell library contained the following spells:

 Spells                   Type           Power        Failure   Level  Hunger
 Song of Slaying          Chrm           #.......     13%         2    ###....
 Magic Dart               Conj           #...         32%         1    ##.....
 Blink                    Tloc           N/A          45%         2    ###....
 Call Imp                 Summ           #.......     45%         2    ###....
 Slow                     Hex            #.......     45%         2    ###....
 Regeneration             Chrm/Necr      #.........   45%         3    ####...
 Spectral Weapon          Hex/Chrm       #.......     45%         3    ####...
 Conjure Flame            Conj/Fire      #.......     69%         3    ####...
 Mephitic Cloud           Conj/Pois/Air  #.......     69%         3    ####...


Dungeon Overview and Level Annotations

Branches:
Dungeon (5/15)
 Temple: D:4-7

Altars:
Elyvilon
Hepliaklqana
Nemelex Xobeh
Xom
Yredelemnul
The Shining One

Shops:
D:4 [


Message History

Attack whom?
Press: ? - help, Dir - move target cursor, f/p - two-headed ogre
Aim: a two-headed ogre, wielding two +0 giant clubs (lightly wounded)
You reach to attack!
You hit the two-headed ogre.
The two-headed ogre is lightly wounded.
You climb upwards.
There is a stone staircase leading down here.
You hit the two-headed ogre.
The two-headed ogre is lightly wounded.
The two-headed ogre hits you with a +0 giant club!
The two-headed ogre misses you.
You hit the two-headed ogre.
The two-headed ogre is moderately wounded.
You hit the two-headed ogre.
The two-headed ogre is moderately wounded.
Your magical infusion is running out.
The two-headed ogre hits you with a +0 giant club!!
* * * LOW HITPOINT WARNING * * *
The two-headed ogre hits you with a +0 giant club!
You die...

.'._⌠####.##......#.#
#...# #.##. ######
#.##.....##.# #.### #.###
#.# #.######.##.# #.# #.#
#.####........##.# #.#
#.# #...........####.#
#.# #.# ###########.#
#.###.#####.# ## #.#
#...((......# .#
######.########(#######
.# ###.......@O....(.# .#
#........########.#
.######.#............##.#
....##.....#########.##.#
..<........# #.##.#
.##.##.....# #.##.#
.##.###.#..##### #.##.#
*# .............<.###
#.##.# ###8
.............(...###.##.#
#...


You could see a two-headed ogre.

Vanquished Creatures
  A phantom (D:4)
  A centaur (D:4)
  3 orc wizards (D:3)
  2 worker ants (D:4)
  4 gnolls (D:3)
  3 adders (D:3)
  An ooze (D:4)
  An adder skeleton (D:4)
  3 worms (D:2)
  2 leopard geckos
  5 orcs
  9 bats
  5 giant cockroaches
  10 goblins
  3 hobgoblins
  5 kobolds
  A quokka (D:4)
  A ball python (D:4)
  A ball python skeleton (D:3)
  6 frilled lizards
  5 rats
72 creatures vanquished.

Vanquished Creatures (collateral kills)
  2 orc priests
  A dart slug (D:3)
  An orc (D:4)
  A goblin (D:3)
  2 kobolds (D:3)
  A frilled lizard (D:4)
8 creatures vanquished.

Vanquished Creatures (others)
  3 ancestors
3 creatures vanquished.

Grand Total: 83 creatures vanquished

Notes
Turn   | Place    | Note
-------+----------+-------------------------------------------
     0 | D:1      | D1HalberdGnoll the Merfolk Skald began the quest for the
                  | Orb.
     0 | D:1      | Reached XP level 1. HP: 16/16 MP: 3/3
   160 | D:1      | Reached XP level 2. HP: 23/23 MP: 5/5
   334 | D:1      | Reached skill level 1 in Armour
   603 | D:2      | Reached XP level 3. HP: 28/28 MP: 2/6
   620 | D:2      | Reached skill level 4 in Polearms
   933 | D:2      | Found a glowing golden altar of the Shining One.
   934 | D:2      | Found a shimmering altar of Xom.
   934 | D:2      | Found a basalt altar of Yredelemnul.
   935 | D:2      | Found a hazy altar of Hepliaklqana.
  1119 | D:2      | Became a worshipper of Hepliaklqana the Forgotten
  1207 | D:3      | Reached XP level 4. HP: 27/30 MP: 7/7
  1321 | D:3      | Reached skill level 5 in Polearms
  1321 | D:3      | Reached XP level 5. HP: 36/36 MP: 5/8
  2195 | D:3      | Reached skill level 6 in Polearms
  2195 | D:3      | Reached XP level 6. HP: 25/42 MP: 5/9
  3158 | D:4      | Learned a level 2 spell: Shroud of Golubria
  3181 | D:4      | Reached * piety under Hepliaklqana
  3197 | D:4      | Found Gashud's Armour Boutique.
  3580 | D:4      | Noticed a phantom
  3591 | D:4      | Reached skill level 7 in Polearms
  3608 | D:4      | Killed a phantom
  3608 | D:4      | Reached skill level 5 in Dodging
  3608 | D:4      | Reached XP level 7. HP: 40/48 MP: 0/10
  3894 | D:4      | Found a white marble altar of Elyvilon.
  3894 | D:4      | Found a sparkling altar of Nemelex Xobeh.
  4017 | D:5      | Entered Level 5 of the Dungeon
  4017 | D:5      | Noticed a two-headed ogre
  4030 | D:4      | HP: 2/48 [two-headed ogre/+0 giant club (23)]
  4030 | D:4      | Slain by a two-headed ogre

Levels and vault maps discovered:
D:1:      saegor_arrival_simple_a, layout_rooms, minmay_small_reverse_x
D:2:      layout_rooms, minitemple
D:3:      layout_basic, first_ration, feat_on_display
D:4:      layout_loops_ring, gammafunk_temple_overflow_wave, serial_shops,
          nicolae_shop_crystal, chequers_hall_statues_y
D:5:      layout_basic, minmay_temple_entry_fiery

Skill      XL: |  1  2  3  4  5  6 |
---------------+-------------------+-----
Dodging        | 3 4 5 |  5.1
Armour         | 1 2 |  2.3
Polearms       | 4 5 6 7 |  7.3
Fighting       | 3 4 |  4.0
Spellcasting   | |  2.0
Charms         | |  3.2

Action                   |  1- 3 |  4- 6 |  7- 9 || total
-------------------------+-------+-------+-------++-------
Melee: Spear             |   148 |   191 |    13 ||   352
 Cast: Infusion          |     2 |     9 |     1 ||    12
Invok: Ancestor Identity |     1 |       |       ||     1
  Use: Potion            |       |     3 |       ||     3
       Scroll            |       |     4 |     2 ||     6
 Stab: Sleeping          |     2 |     2 |       ||     4
       Distracted        |       |     1 |       ||     1
  Eat: Chunk             |     1 |     4 |     2 ||     7
       Ration            |       |     1 |       ||     1
Armor: Leather armour    |    29 |    21 |     1 ||    51
       Skin              |       |    33 |       ||    33
Dodge: Dodged            |    64 |    72 |     4 ||   140

Table legend:
 A = Non-vault XP
 B = Vault XP
 C = Vault XP percentage of total XP
 D = Non-vault monster count
 E = Vault monster count
 F = Vault count percentage of total count
                 A         B        C        D         E       F
            +---------+---------+-------+---------+---------+-------
      Total |     722 |       9 |   1.2 |      76 |       4 |   5.0
            +---------+---------+-------+---------+---------+-------
        D:1 |      20 |       9 |  31.0 |      14 |       4 |  22.2
        D:2 |      32 |       0 |   0.0 |      14 |       0 |   0.0
        D:3 |     310 |       0 |   0.0 |      35 |       0 |   0.0
        D:4 |     360 |       0 |   0.0 |      13 |       0 |   0.0
            +---------+---------+-------+---------+---------+-------
